 Dungeon Crawl Stone Soup version bcrawl-1.27.3 (webtiles) character file.

Game seed: 1112503388319256117

340197 MisterOstroum the Skirmisher (level 5, -3/57 HPs)
             Began as an Ogre Berserker on Sept 24, 2020.
             Was a Follower of Trog.
             Slain by a hippogriff (6 damage)
             ... on level 4 of the Dungeon.
             The game lasted 00:02:18 (301 turns).

MisterOstroum the Skirmisher (Ogre Berserker)        Turns: 301, Time: 00:02:19

Health: -3/57      AC:  3    Str: 22    XL:     5   Next: 5%
Magic:  5/5        EV: 10    Int: 13    God:    Trog [*.....]
Gold:   26         SH:  0    Dex:  8    Spells: 4/4 levels left

rFire    . . .     SeeInvis .   d - +4 hand axe of Havoc {chop, Int+5}
rCold    . . .     Gourm    .   (no shield)
rNeg     . . .     Faith    .   b - +0 animal skin
rPois    .         Spirit   .   (helmet restricted)
rElec    .         Reflect  .   (no cloak)
rCorr    .         Harm     .   (gloves unavailable)
MR       .....                  (boots unavailable)
Stlth    +.........             (no amulet)
HPRegen  0.19/turn              (no ring)
MPRegen  0.09/turn              (no ring)

@: lethally poisoned (-3 -> -4), berserk cooldown, slowed, very slow
A: large, unfitting armour, tough skin 1
a: Berserk, Renounce Religion


You were on level 4 of the Dungeon.
You worshipped Trog.
Trog was aware of your devotion.
You were hungry.

You visited 1 branch of the dungeon, and saw 4 of its levels.

You collected 26 gold pieces.

Inventory:

Hand Weapons
 a - a +0 mace
 d - the +4 hand axe of Havoc (weapon) {chop, Int+5}
   (You found it on level 4 of the Dungeon)

   It will always inflict at least some extra damage.
   This minimum extra damage increases with your current reserve of magical
   power.
   It affects your intelligence (+5).
Armour
 b - a +0 animal skin (worn)
Wands
 f - a wand of polymorph (6)
Scrolls
 g - a scroll of teleportation {unknown}
Potions
 c - 2 potions of agility {unknown}
 h - a potion of heal wounds {unknown}
Comestibles
 e - a ration {!d}


   Skills:
 * Level 5.4 Fighting
 * Level 0.6(2.5) Axes
 - Level 4.8 Maces & Flails
 + Level 3.2 Dodging
 + Level 0.9 Evocations


You had 4 spell levels left.
You didn't know any spells.
Your spell library was empty.

Dungeon Overview and Level Annotations

Branches:
Dungeon (4/12)
 Temple: D:4-7

Altars:
Uskayaw


Innate Abilities, Weirdness & Mutations

You are too large for most types of armour.
You have tough skin. (AC +1)


Message History

The orc wizard seems to speed up.
You hit the orc wizard.
The orc wizard is severely wounded.
The orc wizard casts a spell at you. The puff of flame hits you!
The orc wizard hits you with a cursed -2 dagger.
* * * LOW HITPOINT WARNING * * *
A red film seems to cover your vision as you go berserk!
You feel yourself moving faster!
You feel mighty!
You are feeling hungry.
The orc wizard hits you with a cursed -2 dagger.
* * * LOW HITPOINT WARNING * * *
You sock the orc wizard!
You kill the orc wizard!
Trog accepts your kill.
Trog appreciates your killing of a magic user.
Your Fighting skill increases to level 5!
Your Dodging skill increases to level 3!
A scorpion comes into view.
You sock the scorpion!
The scorpion is heavily wounded.
You hit the scorpion.
The scorpion is almost dead.
The scorpion stings you.
* * * LOW HITPOINT WARNING * * *
You thump the scorpion!
You kill the scorpion!
Trog accepts your kill.
You have reached level 4!
A worm comes into view.
You feel a strong urge to attack something.
There is an open door here.
You feel your anger nearly subside.
You are no longer berserk.
You are exhausted.
You feel yourself slow down.
You close the door.
Eat one of 2 chunks of flesh? (ye/n/q)
You eat one of the 2 chunks of flesh.
This raw flesh tastes terrible.
Eat a chunk of flesh? (ye/n/q)
You eat the chunk of flesh.
This raw flesh tastes terrible.
Found an encrusted hand axe.
Found a hide-covered altar of Uskayaw.
You feel yourself speed up.
A hippogriff comes into view.
You have encountered a dangerous foe!
The hippogriff screeches!
You hear an angry hiss.
An iguana comes into view.
A worker ant comes into view.
You see here a lumpy pink potion.
You see here an encrusted hand axe.
d - an encrusted hand axe The worker ant waves its antennae.
You see here a lumpy pink potion.
h - a lumpy pink potion The worker ant completely misses you.
You recover from your berserk rage.
The worker ant bites you.
* * * LOW HITPOINT WARNING * * *
Wield which item (- for none, * to show all)? (? for menu, Esc to quit)
You feel clever.
d - the +4 hand axe of Havoc (weapon)
{chop, Int+5} The worker ant bites you but does no damage.
Unknown command.
A red film seems to cover your vision as you go berserk!
You feel yourself moving faster!
You feel mighty!
You are feeling hungry.
The worker ant misses you.
You completely miss the worker ant. The worker ant bites you.
* * * LOW HITPOINT WARNING * * *
You are poisoned.
The worker ant poisons you!
You slash the worker ant!
The worker ant is severely wounded.
You feel sick.
The worker ant bites you but does no damage.
You slash the worker ant!
You kill the worker ant!
Trog accepts your kill.
You have reached level 5!
You feel sick.
No path to travel!
Quiver which item? (- for none, * to show all) (? for menu, Esc to quit)
Okay, then.
You are too berserk!
You feel a strong urge to attack something.
You feel sick.
You feel your anger nearly subside.
You are no longer berserk.
You are exhausted.
You feel yourself slow down.
You feel sick.
You feel sick.
You feel sick. The hippogriff bites you.
* * * LOW HITPOINT WARNING * * *
The hippogriff closely misses you. The hippogriff claws you.
* * * LOW HITPOINT WARNING * * *
You feel sick.
There is a stone staircase leading up here.
You slash the hippogriff!
The hippogriff is lightly wounded.
The hippogriff bites you.
You die...

#........##.##
#........##.).
#........############
####......l....#.......#
............##.#.#####.#
.###........##.#.#.....#
.._...8.######l#....#..#
.%.......# #H###..####
......8..# #.#@Hl.#
.........# #.####.#
......8..# #..l...#
.........# ########
##.......(. ##########


You could see a hippogriff and an iguana.

Vanquished Creatures
  A scorpion (D:4)
  An orc wizard (D:4)
  A worker ant (D:4)
  An ooze (D:1)
  An adder skeleton (D:4)
  2 worms
  2 dart slugs
  2 bats (D:1)
  A frilled lizard (D:2)
12 creatures vanquished.

Notes
Turn   | Place    | Note
-------+----------+-------------------------------------------
     0 | D:1      | MisterOstroum the Ogre Berserker began the quest for the
                  | Orb.
     0 | D:1      | Reached XP level 1. HP: 24/24 MP: 1/1
    44 | D:1      | Reached XP level 2. HP: 9/33 MP: 2/2
   197 | D:4      | Reached XP level 3. HP: 26/40 MP: 3/3
   231 | D:4      | Reached skill level 5 in Fighting
   231 | D:4      | Noticed a scorpion
   234 | D:4      | Killed a scorpion
   234 | D:4      | Reached XP level 4. HP: 13/50 MP: 4/4
   261 | D:4      | Found a hide-covered altar of Uskayaw.
   267 | D:4      | Noticed a hippogriff
   269 | D:4      | Got an encrusted hand axe
   286 | D:4      | Identified the +4 hand axe of Havoc {chop, Int+5} (You
                  | found it on level 4 of the Dungeon)
   290 | D:4      | Reached XP level 5. HP: 16/57 MP: 5/5
   300 | D:4      | HP: 2/57 [poisoned by a worker ant]
   301 | D:4      | Slain by a hippogriff

Skill      XL: |  1  2  3 |
---------------+----------+-----
Maces & Flails | 4 |  4.8
Fighting       | 5 |  5.4
Dodging        | 3 |  3.2
Axes           | |  0.6
Evocations     | |  0.9

Action                   |  1- 3 |  4- 6 || total
-------------------------+-------+-------++-------
Melee: Mace              |    33 |       ||    33
       Hand axe          |       |     4 ||     4
Invok: Berserk           |     3 |     1 ||     4
  Eat: Chunk             |       |     2 ||     2
Armor: Animal skin       |     6 |     2 ||     8
Dodge: Dodged            |    24 |     3 ||    27
